 Dungeon Crawl Stone Soup version 0.23.2-1-ga50397a6bc (webtiles) character file.

Game seed: 12374595014763318704

200 Mrkan the Grave Robber (level 5, -3/42 HPs)
             Began as a Deep Dwarf Necromancer on May 20, 2019.
             Slain by an orc warrior
             ... wielding a +0 war axe
              (5 damage)
             ... on level 3 of the Dungeon.
             The game lasted 00:08:26 (2321 turns).

Mrkan the Grave Robber (Deep Dwarf Necromancer)     Turns: 2321, Time: 00:08:27

Health: -3/42      AC:  2    Str: 12    XL:     5   Next: 49%
Magic:  0/7        EV: 13    Int: 16    God:
Gold:   67         SH:  0    Dex: 13    Spells: 5/9 levels left

rFire    . . .     SeeInvis .   k - +0 hand axe
rCold    . . .     Gourm    .   (no shield)
rNeg     . . .     Faith    .   a - +0 robe
rPois    .         Spirit   .   (no helmet)
rElec    .         Reflect  .   (no cloak)
rCorr    .         Harm     .   (no gloves)
MR       .....                  (no boots)
Stlth    ++........             (no amulet)
HPRegen  0.00/turn              (no ring)
MPRegen  0.10/turn              (no ring)

@: non-regenerating
A: damage resistance, heal wounds, sense surroundings 1, no regeneration
a: Heal Wounds


You were on level 3 of the Dungeon.
You were not hungry.

You visited 1 branch of the dungeon, and saw 3 of its levels.

You collected 67 gold pieces.

Inventory:

Hand Weapons
 k - a +0 hand axe (weapon)
Armour
 a - a +0 robe (worn)
Jewellery
 o - an uncursed amulet of the gourmand {unknown}
Wands
 n - a wand of acid (5)
Scrolls
 b - 3 scrolls of remove curse {unknown}
 d - a scroll of random uselessness {unknown}
 f - 3 scrolls of fear {unknown}
 h - a scroll of identify {unknown}
 i - a scroll of amnesia {unknown}
 l - a scroll of enchant armour {unknown}
 m - a scroll of fog {unknown}
Potions
 e - a potion of resistance {unknown}
 j - 4 potions of lignification {unknown}
Comestibles
 c - 5 rations
 g - a chunk of flesh


   Skills:
 + Level 3.6 Dodging
 - Level 2.4 Stealth
 + Level 2.8 Spellcasting
 * Level 6.1 Necromancy


You had 5 spell levels left.
You knew the following spells:

 Your Spells              Type           Power        Failure   Level  Hunger
a - Pain                  Necr           ###.         1%          1    #......
b - Vampiric Draining     Necr           ###.......   4%          3    ###....

Your spell library contained the following spells:

 Spells                   Type           Power        Failure   Level  Hunger
 Animate Skeleton         Necr           N/A          1%          1    #......
 Animate Dead             Necr           N/A          16%         4    #####..
 Regeneration             Chrm/Necr      Unusable     N/A         3    N/A

Dungeon Overview and Level Annotations

Branches:
Dungeon (3/15)

Altars:
Trog
Uskayaw
Vehumet
Xom


Innate Abilities, Weirdness & Mutations

You are resistant to damage.
You can heal yourself by infusing magical energy.
You passively map a small area around you.
You do not regenerate.


Message History

The orc warrior is heavily wounded.
The orc warrior closely misses you.
You hit the orc warrior but do no damage.
The orc warrior is heavily wounded.
The orc warrior hits you but does no damage.
You hit the orc warrior but do no damage.
The orc warrior is heavily wounded.
The orc warrior misses you.
Casting: Pain (safe; 1% risk of failure)
Confirm with . or Enter, or press ? or * to list all spells.
Aiming: Pain (safe; 1% risk of failure)
Press: ? - help, Shift-Dir - straight line, f/p - orc warrior
Aim: an orc warrior, wielding a +0 war axe and wearing a +0 chain mail (heavily wounded, chance to defeat MR: 81%)
The orc warrior writhes in agony.
The orc warrior hits you with a +0 war axe!
* * * LOW HITPOINT WARNING * * *
You hit the orc warrior.
The orc warrior is severely wounded.
The orc warrior hits you with a +0 war axe!
You die...

* #.# * , #####.#, , ⌠
#.....### *, *
#.......# * , *
#....g..# #...)...# , *
#.......#
*#########.#### **,
#.@ogr###.######## ,,
#####.............
#####.########* ### #.#
### * #.### #.# #.o *
#...## ##.# #.# #
###.<###..# #.# #.**
##...#..# #.#
**####.###########.#..#
#.#


You could see an orc warrior, a goblin and a rat.

Vanquished Creatures
  2 orc wizards (D:3)
  3 adders
  4 gnolls (D:2)
  4 dart slugs
  5 leopard geckos
  6 orcs
  5 bats
  4 giant cockroaches
  6 goblins
  A hobgoblin (D:1)
  6 kobolds
  8 frilled lizards
  7 rats
61 creatures vanquished.

Notes
Turn   | Place    | Note
-------+----------+-------------------------------------------
     0 | D:1      | Mrkan the Deep Dwarf Necromancer began the quest for the
                  | Orb.
     0 | D:1      | Reached XP level 1. HP: 15/15 MP: 3/3
   277 | D:1      | Reached XP level 2. HP: 22/22 MP: 0/4
   709 | D:2      | Reached skill level 5 in Necromancy
   709 | D:2      | Reached XP level 3. HP: 24/28 MP: 2/6
   948 | D:2      | Found a radiant altar of Vehumet.
   990 | D:2      | Found a shimmering altar of Xom.
  1333 | D:2      | Learned a level 3 spell: Vampiric Draining
  1481 | D:2      | Found a hide-covered altar of Uskayaw.
  1489 | D:2      | Reached XP level 4. HP: 32/36 MP: 1/7
  2125 | D:3      | Reached skill level 6 in Necromancy
  2125 | D:3      | Reached XP level 5. HP: 15/42 MP: 2/8
  2291 | D:3      | Found a bloodstained altar of Trog.
  2292 | D:3      | Noticed an orc warrior
  2320 | D:3      | HP: 2/42 [orc warrior/+0 war axe (11)]
  2321 | D:3      | Slain by an orc warrior

Skill      XL: |  1  2  3  4 |
---------------+-------------+-----
Spellcasting   | 2 |  2.8
Necromancy     | 5 6 |  6.1
Dodging        | 3 |  3.6
Stealth        | |  2.4

Action                   |  1- 3 |  4- 6 || total
-------------------------+-------+-------++-------
Melee: Unarmed           |    20 |       ||    20
       Hand axe          |    35 |    37 ||    72
 Cast: Pain              |    60 |    39 ||    99
       Vampiric Draining |     3 |     8 ||    11
 Abil: Heal Wounds       |     1 |     4 ||     5
  Eat: Chunk             |     3 |     4 ||     7
Armor: Robe              |    18 |     4 ||    22
Dodge: Dodged            |    62 |    41 ||   103
